 Dungeon Crawl Stone Soup version 0.21.1-1-g345015f (webtiles) character file.

31 tidbits the Chiller (level 3, -3/25 HPs)
             Began as a Gnoll Ice Elementalist on Apr 3, 2018.
             Killed from afar by an orc (15 damage)
             ... with a wand of acid (9)
             ... on level 3 of the Dungeon.
             The game lasted 00:03:51 (450 turns).

tidbits the Chiller (Gnoll Ice Elementalist)         Turns: 450, Time: 00:03:51

Health: -3/25      AC:  3    Str: 10    XL:     3   Next: 22%
Magic:  2/9        EV: 15    Int: 18    God:
Gold:   21         SH:  0    Dex: 19    Spells: 6/12 levels left

rFire    . . .     SeeInvis .   a - +0 dagger
rCold    . . .     Gourm    .   (no shield)
rNeg     . . .     Faith    .   e - +0 robe
rPois    .         Spirit   .   E - +0 helmet
rElec    .         Reflect  .   (no cloak)
rCorr    .         Harm     .   (no gloves)
MR       .....                  (no boots)
Stlth    +++.......             (no amulet)
HPRegen  0.08/turn              o - +4 ring of dexterity
MPRegen  0.11/turn              (no ring)

@: no status effects
A: distributed training, fangs 1, strong nose
a: no special abilities


You were on level 3 of the Dungeon.
You were not hungry.

You visited 1 branch of the dungeon, and saw 4 of its levels.

You collected 21 gold pieces.

Inventory:

Hand Weapons
 a - a +0 dagger (weapon)
 d - a +0 club
 h - a +0 mace
 m - a +0 flail
Missiles
 g - 20 stones (quivered)
 j - 11 poisoned needles
 k - 13 sling bullets
 n - 15 bolts
Armour
 e - a +0 robe (worn)
 E - a +0 helmet (worn)
Jewellery
 o - a +4 ring of dexterity (left hand)
   (You found it on level 3 of the Dungeon)
Scrolls
 i - a scroll of noise {unknown}
 p - a scroll of teleportation {unknown}
Potions
 f - 2 potions of lignification {unknown}
 l - a potion of cancellation {unknown}
 q - a potion of ambrosia {unknown}
Books
 b - a book of Frost

   Spells                             Type                      Level
   a - Freeze                         Ice                          1
   b - Throw Frost                    Conjuration/Ice              2
   c - Ozocubu's Armour               Charms/Ice                   3
   d - Throw Icicle                   Conjuration/Ice              4
   e - Summon Ice Beast               Ice/Summoning                4
Comestibles
 c - a ration


   Skills:
 + Level 0.6 Fighting
 + Level 0.6 Short Blades
 + Level 0.6 Long Blades
 + Level 0.6 Axes
 + Level 0.6 Maces & Flails
 + Level 0.6 Polearms
 + Level 0.6 Staves
 + Level 0.6 Slings
 + Level 0.6 Bows
 + Level 0.6 Crossbows
 + Level 0.6 Throwing
 + Level 0.6 Armour
 + Level 4.5 Dodging
 + Level 4.1 Stealth
 + Level 0.6 Shields
 + Level 0.6 Unarmed Combat
 + Level 5.0 Spellcasting
 + Level 2.1 Conjurations
 + Level 0.4 Hexes
 + Level 0.4 Charms
 + Level 0.4 Summonings
 + Level 0.4 Necromancy
 + Level 0.4 Translocations
 + Level 0.4 Transmutations
 + Level 0.4 Fire Magic
 + Level 5.4 Ice Magic
 + Level 0.4 Air Magic
 + Level 0.4 Earth Magic
 + Level 0.4 Poison Magic
 + Level 0.8 Invocations
 + Level 0.6 Evocations


You had 6 spell levels left.
You knew the following spells:

 Your Spells              Type           Power        Failure   Level  Hunger
a - Freeze                Ice            ###.         1%          1    None
j - Throw Frost           Conj/Ice       ###...       4%          2    #......
o - Ozocubu's Armour      Chrm/Ice       ###.....     12%         3    ##.....


Dungeon Overview and Level Annotations

Branches:
Dungeon (4/15)
 Temple: D:4-7

Altars:
Dithmenos


Innate Abilities, Weirdness & Mutations

Your experience applies equally to all skills.
You have very sharp teeth.
Your uncanny sense of smell can sniff out nearby items.


Message History

You hit the hobgoblin but do no damage.
The hobgoblin hits you but does no damage.
You closely miss the hobgoblin. The hobgoblin hits you with a club.
* * * LOW HITPOINT WARNING * * *
You hit the hobgoblin but do no damage. The hobgoblin closely misses you.
You closely miss the hobgoblin. The hobgoblin closely misses you.
A frilled lizard comes into view.
Casting: Freeze
Confirm with . or Enter, or press ? or * to list all spells.
Aiming: Freeze
Press: ? - help, Shift-Dir - straight line, f - hobgoblin
Aim: a hobgoblin, wielding a club You freeze the hobgoblin.
The hobgoblin is moderately wounded.
The frilled lizard hisses angrily.
The frilled lizard moves out of view.
The hobgoblin barely misses you.
Casting: Freeze
Confirm with . or Enter, or press ? or * to list all spells.
You don't have enough magic to cast that spell.
You hit the hobgoblin but do no damage. Your bite misses the hobgoblin.
The hobgoblin is moderately wounded.
The hobgoblin hits you but does no damage.
You hit the hobgoblin.
The hobgoblin is almost dead.
The hobgoblin misses you.
You hit the hobgoblin but do no damage.
You bite the hobgoblin, but do no damage.
The hobgoblin is almost dead.
You barely miss the hobgoblin.
You bite the hobgoblin, but do no damage.
The hobgoblin is almost dead.
The hobgoblin barely misses you.
You hit the hobgoblin.
You kill the hobgoblin!
You closely miss the frilled lizard. Your bite misses the frilled lizard.
The frilled lizard misses you.
You barely miss the frilled lizard. The frilled lizard closely misses you.
Casting: Freeze
Confirm with . or Enter, or press ? or * to list all spells.
Aiming: Freeze
Press: ? - help, Shift-Dir - straight line, f - frilled lizard
Aim: a frilled lizard You freeze the frilled lizard.
You kill the frilled lizard!
Drop what? 16/52 slots (_ for help) (? for menu, Esc to quit)
You start removing your armour.
You continue taking off your scarf of spirit shield. x4
You finish taking off your scarf of spirit shield.
You feel strangely alone.
You drop a scarf of spirit shield.
Things that are here:
a club x2; a hobgoblin corpse You see here a runed bronze ring.
o - a runed bronze ring Put on which piece of jewellery? (? for menu, Esc to quit)
You feel agile.
o - a +4 ring of dexterity (left hand)
You see here a scroll labeled RULEIWN LIDDEI.
p - a scroll labeled RULEIWN LIDDEI You see here a fizzy ruby potion.
q - a fizzy ruby potion
Things that are here:
a club x2; a hobgoblin corpse You see here a scarf of spirit shield.
There is a stone staircase leading down here.
Unknown command.
The kobold shoots a poisoned needle.
The poisoned needle barely misses you.
You see here a poisoned needle.
The kobold shoots a poisoned needle.
The poisoned needle barely misses you.
You see here a poisoned needle.
The kobold shoots a poisoned needle.
The poisoned needle barely misses you.
The kobold shoots a poisoned needle.
The poisoned needle closely misses you.
An orc comes into view. It is wielding a whip.
You see here a poisoned needle.
An orc comes into view.
The orc shouts!
The kobold shoots a poisoned needle.
The poisoned needle misses you.
The orc shouts!
The kobold shoots a poisoned needle.
The poisoned needle barely misses you.
Unknown command.
The kobold barely misses you.
Unknown command.
Casting: Freeze
Confirm with . or Enter, or press ? or * to list all spells.
Aiming: Freeze
Press: ? - help, Shift-Dir - straight line, f - orc
Aim: an orc, wielding an enchanted hand axe and wearing a leather armour You freeze the orc.
The orc is lightly wounded.
The kobold closely misses you. The orc closely misses you.
Casting: Freeze
Confirm with . or Enter, or press ? or * to list all spells.
Aiming: Freeze
Press: ? - help, Shift-Dir - straight line, f/p - orc
Aim: an orc, wielding an enchanted hand axe and wearing a leather armour (lightly wounded)
You freeze the orc.
You kill the orc!
The kobold completely misses you.
The orc zaps a wand.
The bolt of acid hits you!
Ouch! That really hurt!
You die...

## .######### ..#
....##...## # #.#
##.....(....##
.##.####.....o......#
......>.............#
. #.# #........)K...#
. #.###.#......o@..#
.##.#.g.##...##...##
.>Z.o(####(####...#
###)### #..##..(##
#.# #.....## ###.####
#.§#(## .......#
##.##(# .......#
#.§.§.# ..†....#
#.§§.§#


You could see 2 orcs and a kobold.

Vanquished Creatures
  A dart slug (D:1)
  An orc (D:3)
  A bat (D:1)
  8 hobgoblins
  3 jackals (D:3)
  4 kobolds
  A quokka (D:3)
  2 frilled lizards
  4 rats
25 creatures vanquished.

Notes
Turn   | Place    | Note
-------+----------+-------------------------------------------
     0 | D:1      | tidbits the Gnoll Ice Elementalist began the quest for the Orb.
     0 | D:1      | Reached XP level 1. HP: 13/13 MP: 6/6
    38 | D:1      | Reached skill level 2 in Conjurations
    77 | D:1      | Reached XP level 2. HP: 10/19 MP: 5/7
    82 | D:1      | Learned a level 2 spell: Throw Frost
   350 | D:3      | Reached XP level 3. HP: 19/25 MP: 2/9
   355 | D:3      | Learned a level 3 spell: Ozocubu's Armour
   381 | D:3      | Found a shadowy altar of Dithmenos.
   396 | D:3      | Reached skill level 5 in Spellcasting
   450 | D:3      | Killed from afar by an orc

Skill      XL: |  1  2  3 |
---------------+----------+-----
Conjurations   | 2 |  2.1
Spellcasting   | 5 |  5.0
Fighting       | |  0.6
Short Blades   | |  0.6
Long Blades    | |  0.6
Axes           | |  0.6
Maces & Flails | |  0.6
Polearms       | |  0.6
Staves         | |  0.6
Slings         | |  0.6
Bows           | |  0.6
Crossbows      | |  0.6
Throwing       | |  0.6
Armour         | |  0.6
Dodging        | |  4.5
Stealth        | |  4.1
Shields        | |  0.6
Unarmed Combat | |  0.6
Hexes          | |  0.4
Charms         | |  0.4
Summonings     | |  0.4
Necromancy     | |  0.4
Translocations | |  0.4
Transmutations | |  0.4
Fire Magic     | |  0.4
Ice Magic      | |  5.4
Air Magic      | |  0.4
Earth Magic    | |  0.4
Poison Magic   | |  0.4
Invocations    | |  0.8
Evocations     | |  0.6

Action                   || total
-------------------------++-------
Melee: Club              ||     2
       Dagger            ||    25
       Bite              ||     4
Throw: Stone             ||     1
 Cast: Freeze            ||    30
 Stab: Sleeping          ||     5
Armor: Robe              ||     3
Dodge: Dodged            ||    36

Table legend:
 A = Turns spent in this place as a percentage of turns spent in the entire game.
 B = Non-inter-level travel turns spent in this place as a percentage of non-inter-level travel turns spent in the entire game.
 C = Inter-level travel turns spent in this place as a percentage of turns spent in this place.
 D = Turns resting spent in this place as a percentage of non-inter-level travel turns spent in this place.
 E = Turns spent auto-exploring this place as a percentage of non-inter-level travel turns spent in this place.
 F = Non-inter-level travel turns spent in this place divided by the number of levels of this place that you've seen.
                   A       B       C       D       E      F
               +-------+-------+-------+-------+-------+----------------------
         Total | 100.0 | 100.0 |   0.0 |   0.0 |   0.0 | 112.5
       Dungeon | 100.0 | 100.0 |   0.0 |   0.0 |   0.0 | 112.5
               +-------+-------+-------+-------+-------+----------------------

Table legend:
 A = Kills in this place as a percentage of kills in entire the game.
 B = Kills by you in this place as a percentage of kills by you in the entire game.
 C = Kills by friends in this place as a percentage of kills by friends in the entire game.
 D = Other kills in this place as a percentage of other kills in the entire game.
 E = Experience gained in this place as a percentage of experience gained in the entire game.
 F = Experience gained in this place divided by the number of levels of this place that you have seen.
                   A       B       C       D       E      F
               +-------+-------+-------+-------+-------+----------------------
         Total | 100.0 | 100.0 |   N/A |   N/A | 100.0 |  11.2
       Dungeon | 100.0 | 100.0 |   N/A |   N/A | 100.0 |  11.2
               +-------+-------+-------+-------+-------+----------------------

Vault maps used:
D:1:      saegor_arrival_simple_c
D:2:      kennysheep_generic_room_13
D:3:      grunt_dithmenos_smoke
D:4:      serial_shops, shop
